NCAA
SAINT JOHN'S RED STORM @ UTAH UTES
04/15/2027
 
TOP OF THE 1ST
Saint John's Red Storm batting - Pitching for Utah Utes : RHP Albert Scott
Pitching: RHP Albert Scott
Batting: SHB Roderick Thurman 0-0: Ball
1-0: Foul Ball, location: 2F
1-1: Foul Ball, location: 2F
1-2: Ball
2-2: SINGLE (Groundball, 34D)
Batting: RHB Miguel Hernández 0-0: Ball
1-0: Swinging Strike
1-1: Ball
2-1: Ball
Roderick Thurman steals 2nd base
3-1: SINGLE (Flyball, 8LS)
Roderick Thurman to third
Runner from 3rd tries for Home, SAFE, no throw
Batting: LHB Robby Lawson 0-0: Ball
1-0: Swinging Strike
1-1: Foul Ball, location: 2F
1-2: Foul Ball, location: 2F
1-2: Ball
2-2: Ball
3-2: Grounds into double play, 4-6-3 (Groundball, 4)
Batting: SHB Frank Kennedy 0-0: Ball
1-0: Ground out 3-1 (Groundball, 34)
Top of the 1st over - 1 run(s), 2 hit(s), 0 error(s), 0 left on base; Saint John's 1 - Utah 0
BOTTOM OF THE 1ST
Utah Utes batting - Pitching for Saint John's Red Storm : RHP Carlos Núñes
Pitching: RHP Carlos Núñes
Batting: RHB Larry Storms 0-0: Called Strike
0-1: Fly out, F9 (Flyball, 9S)
Batting: RHB Rafael Cardenas 0-0: Called Strike
0-1: Ball
1-1: Fly out, F3 (Line Drive, 3)
Batting: SHB Ramón Velázquez 0-0: Called Strike
0-1: Ball
1-1: SINGLE (Groundball, 6MD)
Batting: SHB John May 0-0: Foul Ball, location: 2F
0-1: Called Strike
0-2: Ball
1-2: Strikes out swinging
Bottom of the 1st over - 0 run(s), 1 hit(s), 0 error(s), 1 left on base; Saint John's 1 - Utah 0
TOP OF THE 2ND
Saint John's Red Storm batting - Pitching for Utah Utes : RHP Albert Scott
Batting: RHB Jeffery Evans 0-0: Ground out 4-3 (Groundball, 4S)
Batting: SHB Michael O'Quigley 0-0: Foul Ball, location: 2F
0-1: Ball
1-1: Foul Ball, location: 2F
1-2: Strikes out looking
Batting: RHB Sherman Cummings 0-0: Ball
1-0: Ball
2-0: Ball
3-0: Base on Balls
Batting: SHB Ray O'Dell 0-0: Called Strike
0-1: Ball
1-1: Foul Ball, location: 2F
1-2: Ball
2-2: Reached via error on a dropped throw, E1
Sherman Cummings to second
Batting: RHB Fred Wagner 0-0: Foul Ball, location: 2F
0-1: Ball
1-1: Foul Ball, location: 2F
1-2: Ball
2-2: Fly out, F8 (Flyball, 8LM)
Top of the 2nd over - 0 run(s), 0 hit(s), 1 error(s), 2 left on base; Saint John's 1 - Utah 0
BOTTOM OF THE 2ND
Utah Utes batting - Pitching for Saint John's Red Storm : RHP Carlos Núñes
Batting: RHB Randy Banks 0-0: Swinging Strike
0-1: Swinging Strike
0-2: Strikes out swinging
Batting: LHB Robby Bland 0-0: Ball
1-0: Fly out, F4 (Popup, 4M)
Batting: SHB Carlos Mesa 0-0: Called Strike
0-1: Ball
1-1: Ball
2-1: Swinging Strike
2-2: Reached on error, E4 (Groundball, 34)
Batting: SHB Glenn Hinton 0-0: Ball
1-0: Ball
2-0: Called Strike
2-1: Called Strike
2-2: Ball
3-2: Base on Balls
Carlos Mesa to second
Batting: SHB Jeff Hernández 0-0: Ball
1-0: Ball
2-0: Ground out 1-3 (Groundball, 13)
Bottom of the 2nd over - 0 run(s), 0 hit(s), 1 error(s), 2 left on base; Saint John's 1 - Utah 0
TOP OF THE 3RD
Saint John's Red Storm batting - Pitching for Utah Utes : RHP Albert Scott
Batting: SHB Roderick Thurman 0-0: Ball
1-0: Foul Ball, location: 2F
1-1: Ball
2-1: Foul Ball, location: 2F
2-2: Foul Ball, location: 2F
2-2: Ground out U3 (Groundball, 3S)
Batting: RHB Miguel Hernández 0-0: Ball
1-0: Ball
2-0: Ball
3-0: Called Strike
3-1: SINGLE (Groundball, 3D)
Batting: LHB Robby Lawson 0-0: Grounds into double play, 6-4-3 (Groundball, 6)
Top of the 3rd over - 0 run(s), 1 hit(s), 0 error(s), 0 left on base; Saint John's 1 - Utah 0
BOTTOM OF THE 3RD
Utah Utes batting - Pitching for Saint John's Red Storm : RHP Carlos Núñes
Batting: RHB Larry Storms 0-0: Swinging Strike
0-1: Ball
1-1: Foul Ball, location: 2F
1-2: Ball
2-2: Ball
3-2: Base on Balls
Batting: RHB Rafael Cardenas 0-0: Called Strike
0-1: Called Strike
0-2: Foul Ball, location: 2F
0-2: Ball
1-2: Foul Ball, location: 2F
1-2: Grounds into double play, 5-4-3 (Groundball, 56)
Batting: SHB Ramón Velázquez 0-0: Swinging Strike
0-1: Ball
1-1: Hit by Pitch
Batting: SHB John May 0-0: SINGLE (Flyball, 7S)
Ramón Velázquez to second
Batting: RHB Randy Banks 0-0: Called Strike
0-1: Ball
1-1: Swinging Strike
1-2: Fielders Choice at 2nd, 6-4 (Groundball, 6)
Bottom of the 3rd over - 0 run(s), 1 hit(s), 0 error(s), 1 left on base; Saint John's 1 - Utah 0
TOP OF THE 4TH
Saint John's Red Storm batting - Pitching for Utah Utes : RHP Albert Scott
Batting: SHB Frank Kennedy 0-0: Ball
1-0: Ball
2-0: Ball
3-0: Called Strike
3-1: Called Strike
3-2: Base on Balls
Batting: RHB Jeffery Evans 0-0: Swinging Strike
0-1: Called Strike
0-2: Foul Ball, location: 2F
0-2: Ball
1-2: Foul Ball, location: 2F
1-2: SINGLE (Groundball, 56D)
Frank Kennedy to second
Batting: SHB Michael O'Quigley 0-0: Foul Ball, location: 2F
0-1: SINGLE (Groundball, 34D)
Frank Kennedy to third
Jeffery Evans to second
Runner from 3rd tries for Home, SAFE, throw made home
Batting: RHB Sherman Cummings 0-0: Called Strike
Jeffery Evans steals 3rd base
Michael O'Quigley to second
0-1: Ground out U3 (Groundball, 3)
Batting: SHB Ray O'Dell 0-0: Ball
1-0: Ball
2-0: Ball
3-0: Called Strike
3-1: Ground out 4-3 (Groundball, 4)
Jeffery Evans scores
Michael O'Quigley to third
Batting: RHB Fred Wagner 0-0: Called Strike
0-1: Ball
1-1: Fly out, F9 (Flyball, 9LS)
Top of the 4th over - 2 run(s), 2 hit(s), 0 error(s), 1 left on base; Saint John's 3 - Utah 0
BOTTOM OF THE 4TH
Utah Utes batting - Pitching for Saint John's Red Storm : RHP Carlos Núñes
Batting: LHB Robby Bland 0-0: Ball
1-0: Ground out 4-3 (Groundball, 4)
Batting: SHB Carlos Mesa 0-0: Ground out 4-3 (Groundball, 4)
Batting: SHB Glenn Hinton 0-0: Swinging Strike
0-1: Hit by Pitch
Batting: SHB Jeff Hernández 0-0: Ball
1-0: Ball
2-0: Swinging Strike
2-1: Ground out 1-3 (Groundball, 13)
Bottom of the 4th over - 0 run(s), 0 hit(s), 0 error(s), 1 left on base; Saint John's 3 - Utah 0
TOP OF THE 5TH
Saint John's Red Storm batting - Pitching for Utah Utes : RHP Albert Scott
Batting: SHB Roderick Thurman 0-0: Ball
1-0: Called Strike
1-1: Ball
2-1: Foul Ball, location: 2F
2-2: Foul Ball, location: 2F
2-2: Ball
3-2: Ground out 4-3 (Groundball, 34)
Pitching: LHP José Sánchez
Batting: RHB Miguel Hernández 0-0: Called Strike
0-1: Foul Ball, location: 2F
0-2: Ball
1-2: Ball
2-2: Foul Ball, location: 2F
2-2: Fly out, F8 (Line Drive, 8RS)
Batting: LHB Robby Lawson 0-0: Called Strike
0-1: Swinging Strike
0-2: Strikes out swinging
Top of the 5th over - 0 run(s), 0 hit(s), 0 error(s), 0 left on base; Saint John's 3 - Utah 0
BOTTOM OF THE 5TH
Utah Utes batting - Pitching for Saint John's Red Storm : RHP Carlos Núñes
Batting: RHB Larry Storms 0-0: Ball
1-0: Swinging Strike
1-1: SOLO HOME RUN (Flyball, 78XD), Distance : 432 ft
Batting: RHB Rafael Cardenas 0-0: Ball
1-0: Foul Ball, location: 2F
1-1: Swinging Strike
1-2: Ball
2-2: Ground out 6-3 (Groundball, 6)
Batting: SHB Ramón Velázquez 0-0: Ball
1-0: Called Strike
1-1: Called Strike
1-2: Ball
2-2: SINGLE (Flyball, 89S)
Batting: SHB John May 0-0: Ball
1-0: Called Strike
1-1: Grounds into double play, 4-6-3 (Groundball, 4)
Bottom of the 5th over - 1 run(s), 2 hit(s), 0 error(s), 0 left on base; Saint John's 3 - Utah 1
TOP OF THE 6TH
Saint John's Red Storm batting - Pitching for Utah Utes : LHP José Sánchez
Batting: SHB Frank Kennedy 0-0: Ball
1-0: Ball
2-0: Foul Ball, location: 2F
2-1: Called Strike
2-2: Ball
3-2: Foul Ball, location: 2F
3-2: Foul Ball, location: 2F
3-2: Strikes out swinging
Batting: RHB Jeffery Evans 0-0: Ball
1-0: Foul Ball, location: 2F
1-1: SINGLE (Flyball, 8RS)
Batting: SHB Michael O'Quigley 0-0: Ball
1-0: Foul Ball, location: 2F
1-1: DOUBLE (Line Drive, 78M)
Jeffery Evans to third
Runner from 3rd tries for Home, throw and OUT!
Michael O'Quigley to third
Batting: RHB Sherman Cummings 0-0: Ball
1-0: 2-RUN HOME RUN (Line Drive, 9LD), Distance : 362 ft
Batting: SHB Ray O'Dell 0-0: Called Strike
0-1: Foul Ball, location: 2F
0-2: SINGLE (Groundball, 56D)
Pitching: RHP Bob Spalton
Batting: RHB Fred Wagner 0-0: Swinging Strike
0-1: Foul Ball, location: 2F
0-2: SINGLE (Groundball, 56D)
Ray O'Dell to second
Pitching: RHP Michael Quinn
Batting: SHB Roderick Thurman 0-0: Ball
1-0: Called Strike
1-1: Ball
2-1: Ball
3-1: Foul Ball, location: 2F
3-2: Strikes out looking
Top of the 6th over - 2 run(s), 5 hit(s), 0 error(s), 2 left on base; Saint John's 5 - Utah 1
BOTTOM OF THE 6TH
Utah Utes batting - Pitching for Saint John's Red Storm : RHP Carlos Núñes
Batting: RHB Randy Banks 0-0: Ball
1-0: Swinging Strike
1-1: Ball
2-1: Called Strike
2-2: Ball
3-2: SINGLE (Line Drive, 34D)
Pitching: RHP Teddy Morales
Batting: LHB Robby Bland 0-0: Called Strike
0-1: Ball
1-1: Foul Ball, location: 2F
1-2: Foul Ball, location: 2F
1-2: Foul Ball, location: 2F
1-2: Foul Ball, location: 2F
1-2: Ball
Randy Banks is caught stealing 2nd base
2-2: SINGLE (Groundball, 34D)
Batting: SHB Carlos Mesa 0-0: Ball
1-0: Ball
2-0: Fielders Choice at 2nd, 4-6 (Groundball, 4)
Batting: SHB Glenn Hinton 0-0: Ball
1-0: Ball
2-0: Foul Ball, location: 2F
2-1: Ball
Carlos Mesa is caught stealing 2nd base
Bottom of the 6th over - 0 run(s), 2 hit(s), 0 error(s), 0 left on base; Saint John's 5 - Utah 1
TOP OF THE 7TH
Saint John's Red Storm batting - Pitching for Utah Utes : RHP Michael Quinn
Batting: RHB Miguel Hernández 0-0: Foul Ball, location: 2F
0-1: Fly out, F8 (Flyball, 8LM)
Batting: LHB Robby Lawson 0-0: Called Strike
0-1: SINGLE (Line Drive, 3)
Batting: SHB Frank Kennedy 0-0: Called Strike
0-1: 2-RUN HOME RUN (Flyball, 9D), Distance : 403 ft
Batting: RHB Jeffery Evans 0-0: Called Strike
0-1: Foul Ball, location: 2F
0-2: Strikes out swinging
Batting: SHB Michael O'Quigley 0-0: Swinging Strike
0-1: Ball
1-1: Swinging Strike
1-2: Ball
2-2: Ball
3-2: Strikes out swinging
Top of the 7th over - 2 run(s), 2 hit(s), 0 error(s), 0 left on base; Saint John's 7 - Utah 1
BOTTOM OF THE 7TH
Utah Utes batting - Pitching for Saint John's Red Storm : RHP Teddy Morales
Now at 2B: Marv Simon
Now in RF: Richard Coupland
Batting: SHB Glenn Hinton 0-0: Ball
1-0: SINGLE (Groundball, 56D)
Batting: SHB Jeff Hernández 0-0: Called Strike
Glenn Hinton steals 2nd base
0-1: Ball
1-1: Foul Ball, location: 2F
1-2: Strikes out swinging
Batting: RHB Larry Storms 0-0: Ball
1-0: Swinging Strike
1-1: Swinging Strike
1-2: Strikes out swinging
Batting: RHB Rafael Cardenas 0-0: Foul Ball, location: 2F
0-1: Called Strike
0-2: Strikes out swinging, 2-3 out at first.
Bottom of the 7th over - 0 run(s), 1 hit(s), 0 error(s), 1 left on base; Saint John's 7 - Utah 1
TOP OF THE 8TH
Saint John's Red Storm batting - Pitching for Utah Utes : RHP Michael Quinn
Batting: RHB Sherman Cummings 0-0: Foul Ball, location: 2F
0-1: Ball
1-1: Foul Ball, location: 2F
1-2: Ball
2-2: Fly out, F3 (Flyball, 3D)
Batting: SHB Ray O'Dell 0-0: Ball
1-0: Ball
2-0: Ball
3-0: Called Strike
3-1: Foul Ball, location: 2F
3-2: Base on Balls
Batting: RHB Fred Wagner 0-0: Called Strike
Ray O'Dell steals 2nd base
0-1: Ground out 5-3 (Groundball, 56S)
Ray O'Dell to third
Batting: SHB Roderick Thurman 0-0: Ball
1-0: Ball
2-0: Ball
3-0: Base on Balls
Batting: RHB Miguel Hernández 0-0: Ball
1-0: Ball
2-0: Ball
3-0: Base on Balls
Roderick Thurman to second
Batting: LHB Robby Lawson 0-0: Called Strike
0-1: Ball
1-1: Ball
2-1: Foul Ball, location: 2F
2-2: Strikes out swinging
Top of the 8th over - 0 run(s), 0 hit(s), 0 error(s), 3 left on base; Saint John's 7 - Utah 1
BOTTOM OF THE 8TH
Utah Utes batting - Pitching for Saint John's Red Storm : RHP Teddy Morales
Batting: SHB Ramón Velázquez 0-0: Ball
1-0: DOUBLE (Line Drive, 7D)
Batting: SHB John May 0-0: Ball
1-0: Foul Ball, location: 2F
1-1: Ball
2-1: Ground out U3 (Groundball, 34)
Ramón Velázquez to third
Batting: RHB Randy Banks 0-0: DOUBLE (Line Drive, 78D)
Ramón Velázquez scores
Batting: LHB Robby Bland 0-0: Ball
1-0: Called Strike
1-1: Ball
2-1: Fly out, F8 (Flyball, 8RM)
Batting: SHB Carlos Mesa 0-0: Swinging Strike
0-1: Fly out, F4 (Line Drive, 4)
Bottom of the 8th over - 1 run(s), 2 hit(s), 0 error(s), 1 left on base; Saint John's 7 - Utah 2
TOP OF THE 9TH
Saint John's Red Storm batting - Pitching for Utah Utes : RHP Michael Quinn
Pitching: RHP Randy Lovell
Batting: SHB Richard Coupland 0-0: Called Strike
0-1: Foul Ball, location: 2F
0-2: Hit by Pitch
Batting: RHB Marv Simon 0-0: Fly out, F7 (Flyball, 7)
Batting: SHB Michael O'Quigley 0-0: Foul Ball, location: 2F
0-1: Swinging Strike
0-2: Ball
1-2: Foul Ball, location: 2F
1-2: Strikes out swinging
Batting: RHB Sherman Cummings 0-0: Ball
1-0: Foul Ball, location: 2F
1-1: Foul Ball, location: 2F
1-2: Foul Ball, location: 2F
1-2: SINGLE (Flyball, 89S)
Richard Coupland to second
Runner from 2nd tries for 3rd, OUT!
Top of the 9th over - 0 run(s), 1 hit(s), 0 error(s), 1 left on base; Saint John's 7 - Utah 2
BOTTOM OF THE 9TH
Utah Utes batting - Pitching for Saint John's Red Storm : RHP Teddy Morales
Batting: SHB Glenn Hinton 0-0: Called Strike
0-1: Foul Ball, location: 2F
0-2: Fly out, F8 (Line Drive, 78M)
Batting: SHB Jeff Hernández 0-0: Ground out 6-3 (Groundball, 6)
Batting: RHB Larry Storms 0-0: Called Strike
0-1: Ball
1-1: Ball
2-1: Swinging Strike
2-2: Strikes out swinging
Bottom of the 9th over - 0 run(s), 0 hit(s), 0 error(s), 0 left on base; Saint John's 7 - Utah 2
Thursday, March 30th, 2017 - OOTP Baseball 17.12 Build 75